Map: Świątynia przeszłości

Players

Legol

  • Race: Terran Terran
  • League: Gold

Logan

  • Race: Protoss Protoss
  • Spawn Location: 0:00

VOD

Have the link to the VOD?

Description

Time

  • Played on: Jan. 2, 2020, 1:29 p.m.
  • Length: 3:25
Show
View Real Time Build Order
Export as new Build Order

Legol Terran 

Build Orders:  

Get SALT Encoding   

  12  0:03  SCV  
  13  0:20  SCV  
  14  0:36  Refinery  
  14  0:37  SCV  
  15  0:54  SCV  
  16  1:09  Engineering Bay  
  16  1:11  SCV  
  17  1:28  SCV  
  18  1:44  Gunslingers Hideout  
  18  1:45  SCV  
  19  2:02  SCV  
  19  2:07  Refinery  
  20  2:19  SCV  
  21  2:36  SCV  
  22  2:53  SCV  
  23  3:01  Tychus  
Show
View Real Time Build Order
Export as new Build Order

Logan Protoss 

Build Orders:  

Get SALT Encoding   

  12  0:11  Probe (Chrono Boost)  
  13  0:30  Pylon  
  13  0:40  Pylon  
  13  1:00  Forge  
  13  1:14  Gateway  
  13  1:33  Gateway  
  13  1:50  Pylon  
  13  1:54  Probe (Chrono Boost)  
  14  2:08  Probe (Chrono Boost)  
  15  2:10  Assimilator  
  15  2:18  Assimilator  
  15  2:28  Cybernetics Core  
  15  2:48  Gateway  
Tags
 
Add a new tag
Caveats
  • Supply blocks, unpowered buildings, or Contaminate may cause inaccurate times.
  • Supply counts are checked every 10 seconds.